 Dungeon Crawl Stone Soup version 0.17.1-3-g152610e (webtiles) character file.

18 UncleJune the Sneak (level 2, 0/13 HPs)
             Began as a Spriggan Enchanter on Feb 29, 2016.
             Succumbed to an adder's poison
             ... on level 1 of the Dungeon.
             The game lasted 00:22:31 (1264 turns).

UncleJune the Sneak (Spriggan Enchanter)            Turns: 1264, Time: 00:22:31

Health: 0/13       AC:  3    Str:  4    XL:     2   Next: 48%
Magic:  3/6        EV: 25    Int: 16    God:
Gold:   11         SH:  0    Dex: 21    Spells: 2 memorised, 3 levels left

rFire  . . .     SeeInvis +     a - +1 dagger
rCold  . . .     Clarity  .     b - +1 robe
rNeg   . . .     SustAt   .     (shield restricted)
rPois  .         Gourm    .     (helmet restricted)
rElec  .         Spirit   .     (no cloak)
rCorr  .         Warding  .     (gloves unavailable)
rMut   .         Stasis   .     (boots unavailable)
MR     .....                    (no amulet)
Stlth  +++.......               (no ring)
                                s - ring of loudness (curse)

@: agile, lethally poisoned (0 -> -1), very quick, not resistant to hostile
enchantments, fairly stealthy
A: unfitting armour, see invisible, herbivore 3, speed 3, slow metabolism 2
a: no special abilities


You were on level 1 of the Dungeon.
You were not hungry.

You visited 1 branch of the dungeon, and saw 2 of its levels.

You collected 11 gold pieces.

Inventory:

Hand Weapons
 a - a +1 dagger (weapon)
 j - a +0 club
 k - a cursed -1 club
 p - a cursed -1 club
 q - a +0 club
 r - a +0 whip
 u - a +0 trident
Missiles
 g - 13 bolts
 l - 37 stones (quivered)
Armour
 b - a +1 robe (worn)
Jewellery
 s - a cursed ring of loudness (left hand)
Scrolls
 e - a scroll of fog {unknown}
 h - a scroll of recharging {unknown}
 i - a scroll of identify {unknown}
 t - a scroll of teleportation {unknown}
Potions
 n - a potion of might {unknown}
Books
 c - a book of Maledictions

   Spells                             Type                      Level
   a - Corona                         Hexes                        1
   b - Ensorcelled Hibernation        Hexes/Ice                    2
   c - Confuse                        Hexes                        3
   d - Tukima's Dance                 Hexes                        3
   e - Dazzling Spray                 Conjuration/Hexes            3
Comestibles
 d - a bread ration
 m - a meat ration
 o - 2 chunks of flesh


   Skills:
 + Level 1.4 Short Blades
 + Level 3.5 Dodging
 + Level 4.7 Stealth
 + Level 2.9 Spellcasting
 + Level 3.8 Hexes


You had 3 spell levels left.
You knew the following spells:

 Your Spells              Type           Power        Failure   Level  Hunger
a - Corona                Hex            ##.....      4%          1    #......
b - Ensorcelled Hibernat  Hex/Ice        #.....       14%         2    ##.....


Dungeon Overview and Level Annotations

Branches:
Dungeon (2/15)

Altars:


Innate Abilities, Weirdness & Mutations

You are tiny and cannot use many weapons and most armour.
You have supernaturally acute eyesight.
You are a herbivore.
You cover ground extremely quickly.
You need consume almost no food.


Message History

The adder is heavily wounded.
The adder bites you.
You are lethally poisoned!
The adder poisons you!
* * * LOW HITPOINT WARNING * * *
You feel sick. The adder bites you but does no damage.
Drink which item? (? for menu, Esc to quit)
It was a potion of agility.
You feel agile all of a sudden. The adder completely misses you.
* * * LOW HITPOINT WARNING * * *
You feel sick. The adder completely misses you.
* * * LOW HITPOINT WARNING * * *
You feel sick.
There is a stone staircase leading up here.
You can't go down here!
You climb upwards.
There is a stone staircase leading down here.
You die...

#....##..#...#.###..#####...#
#.#####......#..#...# ##.##
#..###......###.#.#.# ##
##.....#..### #...#.#
#......########..##.#
.....#####.......##.# #########
...........####.....# #.......#
..........## #...>## #.......#
..........## #.@..## #.......#
≈≈≈≈≈≈≈....####.....####.......#
≈...♣.≈≈.......................#
..♣....≈≈...#..........#.......#
.8.<....≈≈..#..................#
♣.....8..≈.............#>......#
.........≈........#.#..#.......#
♣.......≈≈....#####.##.##########
..8....≈≈.....## #..#.##........


There were no monsters in sight!

Vanquished Creatures
  4 bats
  4 hobgoblins (D:1)
  2 giant cockroaches (D:1)
  3 giant newts (D:1)
  A goblin (D:1)
  2 kobolds (D:1)
  2 rats (D:2)
18 creatures vanquished.

Notes
Turn   | Place    | Note
--------------------------------------------------------------
     0 | D:1      | UncleJune the Spriggan Enchanter began the quest for the Orb.
     0 | D:1      | Reached XP level 1. HP: 9/9 MP: 5/5
   623 | D:1      | Reached XP level 2. HP: 13/13 MP: 6/6
   629 | D:1      | Learned a level 2 spell: Ensorcelled Hibernation
  1264 | D:1      | Succumbed to an adder's poison

Action                   || total
-------------------------++-------
Melee: Dagger            ||    63
 Cast: Ensorcelled Hiber ||     8
  Use: Potion            ||     2
 Stab: Sleeping          ||     8
